 Dungeon Crawl Stone Soup version 0.26-a0-812-g31a745ddcd (webtiles) character file.

Game seed: 16580873496834081204

191 Dracia the Spear-Bearer (level 5, -4/38 HPs)
             Began as a Merfolk Gladiator on Dec 9, 2020.
             Slain by Grinder (6 damage)
             ... while paralysed by Grinder
             ... on level 3 of the Dungeon.
             The game lasted 00:02:42 (2108 turns).

Dracia the Spear-Bearer (Merfolk Gladiator)         Turns: 2108, Time: 00:02:43

Health: -4/38      AC: 10    Str: 13 (14) XL:     5   Next: 70%
Magic:  0/5        EV: -1    Int:  5 (8)  God:
Gold:   169        SH:  0    Dex: 15 (16) Spells: 4/4 levels left

rFire    + . .     SeeInvis .   a - +1 trident
rCold    + . .     Faith    .   (no shield)
rNeg     . . .     Spirit   +   j - +2 ring mail {MR+}
rPois    .         Reflect  .   c - +0 helmet
rElec    .         Harm     .   q - +1 cloak
rCorr    .         Rampage  .   (no gloves)
MR       +....                  (no boots)
Stlth    +.........             G - amulet of guardian spirit
HPRegen  0.12/turn              F - ring of protection from fire
MPRegen  0.09/turn              C - ring of protection from cold

@: paralysed, constricted
A: change form in water, swift swim, stealthy swim
a: no special abilities


You were on level 3 of the Dungeon.
You visited 1 branch of the dungeon, and saw 3 of its levels.

You collected 169 gold pieces.


   Skills:
 - Level 2.1 Fighting
 + Level 9.0 Polearms
 - Level 2.0 Throwing
 - Level 4.0 Dodging


You had 4 spell levels left.
You didn't know any spells.
Your spell library was empty.

Inventory:

Hand Weapons
 a - a +1 trident (weapon)
Missiles
 d - 3 throwing nets {=f=f}
Armour
 b - a +0 leather armour
 c - a +0 helmet (worn)
 j - a +2 ring mail of magic resistance (worn)
 q - a +1 cloak (worn)
Jewellery
 C - a ring of protection from cold (right hand)
 F - a ring of protection from fire (left hand)
 G - an amulet of guardian spirit (around neck)
Scrolls
 e - a scroll of blinking
 g - a scroll of identify {@r1@r1}
 h - a scroll of remove curse {@r2@r2}
 i - a scroll of teleportation {@r4@r4}
Potions
 f - a potion of haste {@q3@q3}
 l - a potion of curing {@q1@q1}

Dungeon Overview and Level Annotations

Branches:
Dungeon (3/15)

Altars:

Annotations:
D:3 Grinder

#### ..... ... .....#
...###### .....##
.........##### ####
.<....#............(.#
#...
......#..............#
#.##
......#..............#
#.#
......#........g.....#
#.#
......#........5@..?.#
#.# ......#
.......S.....# #.#
###+#. ###†........#
#.# # #.........# #.#
# .# #.....##### #.# #
.# #...?....# #.##
###+#.# #........##
#... #.....#
#.........# ####
#....# #.........####


You could see Grinder, a goblin and a ball python.


Message History

Grinder gestures at you.
You suddenly lose the ability to move!
The goblin hits you.
* * * LOW HITPOINT WARNING * * *
The ball python bites you but does no damage.
The ball python grabs you. The ball python constricts you.
The goblin hits you but does no damage.
Grinder says, "Don't move a muscle."
Grinder hits you!
* * * LOW HITPOINT WARNING * * *
You writhe in agony.
* * * LOW HITPOINT WARNING * * *
The ball python bites you but does no damage.
The ball python constricts you. Grinder gestures at you.
You resist with almost no effort. The goblin hits you.
* * * LOW HITPOINT WARNING * * *
The ball python bites you but does no damage.
The ball python constricts you. The goblin hits you but does no damage.
Grinder hits you but does no damage.
The ball python bites you but does no damage.
The ball python constricts you. The goblin hits you but does no damage.
Grinder hits you!
* * * LOW HITPOINT WARNING * * *
You writhe in agony.
* * * LOW HITPOINT WARNING * * *
The ball python bites you but does no damage.
The ball python constricts you.
The ball python bites you but does no damage.
The ball python constricts you. Grinder hits you!
You die...

Skill      XL: |  1  2  3  4  5 |
---------------+----------------+-----
Polearms       | 5 6 8 9 |  9.0
Fighting       | |  2.1
Throwing       | |  2.0
Dodging        | |  4.0

Action                   |  1- 3 |  4- 6 || total
-------------------------+-------+-------++-------
Melee: Trident           |    95 |   117 ||   212
  Use: Scroll            |       |     8 ||     8
       Potion            |       |     2 ||     2
Armor: Leather armour    |    11 |       ||    11
       Ring mail         |    13 |    33 ||    46
Dodge: Dodged            |    45 |    45 ||    90

Levels and vault maps discovered:
D:1:      sevenhm_arrival_forest_fort_small_6, layout_basic
D:2:      layout_rooms
D:3:      layout_basic, uniq_grinder

Notes
Turn   | Place    | Note
-------+----------+-------------------------------------------
     0 | D:1      | Dracia the Merfolk Gladiator began the quest for the Orb.
     0 | D:1      | Reached XP level 1. HP: 16/16 MP: 1/1
    21 | D:1      | Reached skill level 5 in Polearms
    21 | D:1      | Reached XP level 2. HP: 22/22 MP: 2/2
   543 | D:1      | Reached skill level 6 in Polearms
   543 | D:1      | Reached XP level 3. HP: 24/27 MP: 1/3
  1235 | D:2      | Reached XP level 4. HP: 25/33 MP: 4/4
  1236 | D:2      | Reached skill level 7 in Polearms
  1697 | D:2      | Reached skill level 8 in Polearms
  1750 | D:3      | Noticed a bullfrog
  1756 | D:3      | Killed a bullfrog
  1756 | D:3      | Reached XP level 5. HP: 26/38 MP: 3/5
  2040 | D:3      | Reached skill level 9 in Polearms
  2083 | D:3      | Noticed Grinder
  2103 | D:3      | Paralysed by Grinder for 5 turns
  2107 | D:3      | HP: 2/38 [Grinder (4)]
  2108 | D:3      | Slain by Grinder

Vanquished Creatures
  A bullfrog (D:3)
  5 adders (D:2)
  A gnoll (D:1)
  An ooze (D:1)
  3 worms
  4 dart slugs
  A leopard gecko (D:3)
  5 bats
  A giant cockroach (D:3)
  7 goblins
  13 hobgoblins
  6 kobolds
  4 frilled lizards
  A rat (D:2)
53 creatures vanquished.

Table legend: (Time is in decaauts)
 A = Elapsed time spent in this place.
 B = Non-inter-level travel time spent in this place.
 C = Inter-level travel time spent in this place.
 D = Time resting spent in this place.
 E = Time spent auto-exploring this place.
 F = Levels seen in this place.
 G = Mean time per level.
                   A        B        C        D        E       F      G
               +--------+--------+--------+--------+--------+-----+--------+
         Total |   2077 |   2009 |     68 |    176 |   1462 |   3 |  692.3 |
       Dungeon |   2077 |   2009 |     68 |    176 |   1462 |   3 |  692.3 |
               +--------+--------+--------+--------+--------+-----+--------+

Top non-repeatable levels by time:
     D:1: 1129 daAuts
     D:2: 614 daAuts
     D:3: 333 daAuts

Table legend:
 A = Non-vault XP
 B = Vault XP
 C = Vault XP percentage of total XP
 D = Non-vault monster count
 E = Vault monster count
 F = Vault count percentage of total count
                 A         B        C        D         E       F
            +---------+---------+-------+---------+---------+-------
      Total |     273 |       0 |   0.0 |      53 |       0 |   0.0
            +---------+---------+-------+---------+---------+-------
        D:1 |      47 |       0 |   0.0 |      15 |       0 |   0.0
        D:2 |     116 |       0 |   0.0 |      28 |       0 |   0.0
        D:3 |     110 |       0 |   0.0 |      10 |       0 |   0.0
            +---------+---------+-------+---------+---------+-------
